 Dungeon Crawl Stone Soup version 0.19-a0-1213-g90c832c (webtiles) character file.

107 Lindan9 the Sneak (level 4, 0/30 HPs)
             Began as a Vampire Ice Elementalist on Aug 22, 2016.
             Killed from afar by an orc wizard (5 damage)
             ... with a magic dart
             ... on level 4 of the Dungeon on Aug 23, 2016.
             The game lasted 00:13:27 (2420 turns).

Lindan9 the Sneak (Vampire Ice Elementalist)        Turns: 2420, Time: 00:13:27

Health: 0/30       AC:  4    Str:  7    XL:     4   Next: 57%
Magic:  0/8        EV: 13    Int: 18    God:
Gold:   126        SH:  0    Dex: 14    Spells: 1 memorised, 7 levels left

rFire  . . .     SeeInvis +     u - +0 falchion
rCold  . . .     Gourm    .     a - +1 robe
rNeg   + . .     Faith    .     (no shield)
rPois  +         Spirit   .     (no helmet)
rElec  .         Dismiss  .     (no cloak)
rCorr  .         Reflect  .     (no gloves)
MR     .....     Harm     .     h - +0 pair of boots
Stlth  +++.......               (no amulet)
                                (no ring)
                                e - ring of poison resistance

@: no status effects
A: fangs 3, see invisible, unbreathing
a: Bat Form


You were on level 4 of the Dungeon.
You were not thirsty.

You visited 1 branch of the dungeon, and saw 4 of its levels.

You collected 126 gold pieces.

Inventory:

Hand Weapons
 k - a +0 hand axe
 m - a +0 long sword
 u - a +0 falchion (weapon)
Armour
 a - a +1 robe (worn)
 h - a +0 pair of boots (worn)
 t - a +0 robe
Jewellery
 e - a ring of poison resistance (left hand)
 q - an uncursed amulet of magic regeneration {unknown}
 v - a cursed ring of teleportation {unknown}
Wands
 l - a wand of random effects (43/48)
 n - a wand of acid (10/15)
Scrolls
 i - 2 scrolls of magic mapping
 p - a scroll of remove curse {unknown}
 s - a scroll of identify
Potions
 c - 6 potions of blood
 d - a potion of agility {unknown}
 f - a potion of flight {unknown}
 g - a potion of heal wounds {unknown}
 j - 3 potions of cancellation {unknown}
 o - a potion of curing {unknown}
 r - a potion of invisibility {unknown}
Books
 b - a book of Frost

   Spells                             Type                      Level
   a - Freeze                         Ice                          1
   b - Throw Frost                    Conjuration/Ice              2
   c - Ozocubu's Armour               Charms/Ice                   3
   d - Throw Icicle                   Conjuration/Ice              4
   e - Summon Ice Beast               Ice/Summoning                4


   Skills:
 - Level 0.1 Fighting
 + Level 2.9 Dodging
 * Level 4.3 Stealth
 * Level 2.6 Spellcasting
   Level 0.6 Conjurations
 * Level 4.0 Ice Magic


You had 7 spell levels left.
You knew the following spells:

 Your Spells              Type           Power        Failure   Level  Hunger
a - Freeze                Ice            ###.         3%          1    #......


Dungeon Overview and Level Annotations

Branches:
Dungeon (4/15)
 Temple: D:4-7

Altars:
Elyvilon
Makhleb
Okawaru
Uskayaw


Innate Abilities, Weirdness & Mutations

You have razor-sharp teeth.
You have supernaturally acute eyesight. (SInv)
You can survive without breathing.


Message History

Press: ? - help, Shift-Dir - straight line, f/p - orc wizard
Aim: an orc wizard, wielding a dagger and wearing a robe (almost dead)
You freeze the orc wizard.
You kill the orc wizard!
A jackal comes into view.
Casting: Freeze
Confirm with . or Enter, or press ? or * to list all spells.
Aiming: Freeze
Press: ? - help, Shift-Dir - straight line, f - orc wizard
Aim: an orc wizard, wielding a dagger and wearing a robe (slightly transparent)
You freeze the orc wizard.
The orc wizard is lightly wounded.
The orc wizard gestures at you while chanting.
The magic dart hits you!
* * * LOW HITPOINT WARNING * * *
A jackal comes into view.
You don't have enough magic at the moment.
The orc wizard casts a spell at you. The magic dart hits you!
You die...

#. #. .# # ##.# #
##..####.# ..
#....hh..# .#
#.....##ho## #.#
..h.. ##o.###..#
.... ##@.#...#
... ##.....###.
[. #......... .
##..####..
#####...#
........##
.........## .
..........#####..
##..............#


You could see an orc wizard (invisible), an orc and 3 jackals.

Vanquished Creatures
  An orc wizard (D:4)
  2 adders
  A shadow imp (D:3)
  An ooze (D:1)
  A worm (D:2)
  A dart slug (D:3)
  2 giant geckos (D:1)
  2 orcs
  7 bats
  2 giant cockroaches
  2 goblins
  6 hobgoblins
  4 jackals (D:3)
  4 kobolds
  A quokka (D:3)
  A giant newt (D:1)
  4 rats
42 creatures vanquished.

Notes
Turn   | Place    | Note
-------+----------+-------------------------------------------
     0 | D:1      | Lindan9 the Vampire Ice Elementalist began the quest for the Orb.
     0 | D:1      | Reached XP level 1. HP: 13/13 MP: 3/3
   387 | D:1      | Reached XP level 2. HP: 19/19 MP: 3/5
  1081 | D:2      | Reached XP level 3. HP: 21/24 MP: 1/6
  1145 | D:2      | Noticed a dagger
  1146 | D:2      | Noticed a dagger
  1149 | D:2      | Found a hide-covered altar of Uskayaw.
  1543 | D:3      | Found a white marble altar of Elyvilon.
  1546 | D:3      | Found a faded altar of an unknown god.
  1964 | D:3      | Found a burning altar of Makhleb.
  2003 | D:3      | Found an iron altar of Okawaru.
  2088 | D:3      | Reached XP level 4. HP: 22/30 MP: 0/7
  2420 | D:4      | Killed from afar by an orc wizard

Vault maps used:
D:1:      dpeg_arrival_leaves_temple_mockup
D:2:      dancing_weapons_uskayaw
D:3:      overflow_temple_1_default, bloody_makhleb, ecumenical_altar_1,
          okawaru_gym_becter
D:4:      marbit_many_paths, minmay_unequal

Skill      XL: |  1  2  3  4 |
---------------+-------------+-----
Stealth        | 4 |  4.3
Ice Magic      | 4 |  4.0
Fighting       | |  0.1
Dodging        | |  2.9
Spellcasting   | |  2.6
Conjurations   | |  0.6

Action                   |  1- 3 |  4- 6 || total
-------------------------+-------+-------++-------
Melee: Falchion          |    21 |     3 ||    24
       Long sword        |     4 |       ||     4
       Bite              |     3 |       ||     3
 Cast: Freeze            |    60 |    16 ||    76
  Use: Scroll            |     4 |       ||     4
       Potion            |       |     1 ||     1
 Stab: Sleeping          |       |     1 ||     1
  Eat: Corpse            |     4 |       ||     4
Armor: Robe              |    17 |     3 ||    20
Dodge: Dodged            |    38 |     4 ||    42
